 Dungeon Crawl Stone Soup version 0.17-a0-1987-gaf5a542 (webtiles) character file.

187 derrpe the Sneak (level 5, -1/32 HPs)
             Began as a Kobold Assassin on Oct 6, 2015.
             Slain by a river rat (8 damage)
             ... in a sewer.
             The game lasted 00:03:38 (2565 turns).

derrpe the Sneak (Kobold Assassin)                  Turns: 2565, Time: 00:03:38

Health: -1/32      AC:  6    Str:  9    XL:     5   Next: 99%
Magic:  5/5        EV: 19    Int:  9    God:
Gold:   98         SH:  0    Dex: 24    Spells: 0 memorised, 4 levels left

rFire  . . .     SeeInvis +     a - +2 dagger
rCold  . . .     Clarity  .     c - +0 robe
rNeg   . . .     SustAt   .     (shield restricted)
rPois  .         Gourm    .     o - +1 hat {SInv}
rElec  .         Spirit   .     t - +1 cloak {MR+}
rCorr  .         Warding  .     j - +0 pair of gloves
rMut   .         Stasis   .     (no boots)
MR     +....                    (no amulet)
Stlth  ++++++....               (no ring)
                                (no ring)

@: agile, somewhat resistant to hostile enchantments, very stealthy
A: carnivore 3
a: no special abilities


You were in a sewer.
You were very full.

You visited 1 branch of the dungeon, and saw 3 of its levels.
You also visited: Sewer.

You collected 98 gold pieces.

Inventory:

Hand Weapons
 a - a +2 dagger (weapon)
 b - a +0 blowgun
 k - a cursed -3 dagger
Missiles
 e - 4 poisoned needles
 f - 2 curare-tipped needles
 l - 23 bolts
 m - 71 stones (quivered)
 u - 17 arrows
Armour
 c - a +0 robe (worn)
 d - a +0 cloak
 j - a +0 pair of gloves (worn)
 o - a +1 hat of see invisible (worn)
 t - a +1 cloak of magic resistance (worn)
Scrolls
 i - a scroll of fear {unknown}
 n - 2 scrolls of identify {unknown}
 p - a scroll of random uselessness {unknown}
 q - 2 scrolls of noise {unknown}
 v - a scroll of remove curse {unknown}
 x - a scroll of blinking {unknown}
Potions
 h - 2 potions of curing {unknown}
 r - a potion of agility
 z - a potion of haste {unknown}
Comestibles
 g - a meat ration {@e2}
 s - a beef jerky
 w - a royal jelly


   Skills:
 + Level 3.4 Fighting
 * Level 5.2 Short Blades
 - Level 2.1 Throwing
 - Level 1.2 Dodging
 * Level 7.1 Stealth


You had 4 spell levels left.
You didn't know any spells.

Dungeon Overview and Level Annotations

Branches:
Dungeon (3/15)

Altars:


Innate Abilities, Weirdness & Mutations

You are small and have problems with some larger weapons.
You are carnivorous and can eat meat at any time.


Message History

* * * LOW HITPOINT WARNING * * *
You hit the river rat but do no damage.
The river rat is severely wounded.
The river rat misses you.
You are too injured to fight recklessly!
You hit the river rat but do no damage.
The river rat is severely wounded.
Drink which item? (? for menu, Esc to quit)
You feel agile all of a sudden. The river rat barely misses you.
You hit the river rat.
The river rat is almost dead.
The river rat barely misses you.
You hit the river rat but do no damage.
The river rat is almost dead.
The river rat misses you.
You barely miss the river rat.
The river rat is almost dead.
The river rat bites you!
You die...

#.# #.# #.# ##.##
##..≈## .####≈≈...#
≈≈≈≈≈.≈r≈≈# #.(@..#
##..≈## ##≈## #≈#
#≈# #≈# #≈# #≈# #≈#
##≈## ##≈## ##≈≈≈##
##...##
#####.....####..≈..#


You could see a river rat.

Vanquished Creatures
  A big kobold (Sewer)
  Crazy Yiuf (D:2)
  2 adders
  2 river rats
  An ooze (Sewer)
  4 worms
  3 goblins
  5 hobgoblins
  4 jackals (D:2)
  6 kobolds
  2 ball pythons
  7 bats
  2 giant newts (D:1)
  5 rats
45 creatures vanquished.

Notes
Turn   | Place    | Note
--------------------------------------------------------------
     0 | D:1      | derrpe the Kobold Assassin began the quest for the Orb.
     0 | D:1      | Reached XP level 1. HP: 12/12 MP: 1/1
   475 | D:1      | Reached XP level 2. HP: 18/18 MP: 2/2
   965 | D:1      | Reached skill level 6 in Stealth
   965 | D:1      | Reached XP level 3. HP: 12/22 MP: 3/3
  1353 | D:2      | Noticed Crazy Yiuf
  1359 | D:2      | Killed Crazy Yiuf
  1359 | D:2      | Reached XP level 4. HP: 27/27 MP: 4/4
  2000 | D:3      | Found a glowing drain.
  2015 | D:3      | Reached XP level 5. HP: 23/32 MP: 5/5
  2029 | Sewer    | Entered a sewer
  2483 | Sewer    | Reached skill level 5 in Short Blades
  2483 | Sewer    | Reached skill level 7 in Stealth
  2565 | Sewer    | Slain by a river rat

Vault maps used:
D:1:      lightli_arrival_maybe_door_vault, serial_glass, glass_columns_a,
          glass_columns_a
D:2:      uniq_crazy_yiuf_cottage
D:3:      portal_sewer_entry_a, first_bread, amalloy_card_club, uniq_robin
Sewer:    sewer_co_15_rooms

Action                   |  1- 3 |  4- 6 || total
-------------------------+-------+-------++-------
Melee: Dagger            |    49 |   146 ||   195
 Fire: Blowgun           |     4 |     4 ||     8
Throw: Stone             |    34 |    17 ||    51
  Use: Potion            |       |     2 ||     2
 Stab: Sleeping          |     5 |     5 ||    10
  Eat: Chunk             |    10 |     2 ||    12
